 Dungeon Crawl Stone Soup version 0.27-a0-1232-gc6a4cbde82 (webtiles) character file.

Game seed: 119289868087576383

191 Shayle the Skirmisher (level 5, -1/55 HPs)
             Began as an Ogre Warper on June 8, 2021.
             Killed from afar by an orc wizard (6 damage)
             ... with a magic dart
             ... on level 3 of the Dungeon.
             The game lasted 00:07:57 (3216 turns).

Shayle the Skirmisher (Ogre Warper)                 Turns: 3216, Time: 00:07:58

Health: -1/55      AC:  3    Str: 15    XL:     5   Next: 70%
Magic:  8/8        EV: 10    Int: 15    God:
Gold:   96         SH:  0    Dex:  8    Spells: 3/8 levels left

rFire    . . .     SeeInvis .   n - +2 spear (pain)
rCold    . . .     Faith    .   (no shield)
rNeg     . . .     Spirit   .   b - +0 robe
rPois    .         Reflect  .   (helmet restricted)
rElec    .         Harm     .   (no cloak)
rCorr    .         Rampage  .   (gloves unavailable)
Will     .....                  (boots unavailable)
Stlth    +.........             (no amulet)
HPRegen  0.18/turn              (no ring)
MPRegen  0.11/turn              (no ring)

@: no status effects
A: large, unfitting armour, tough skin 1
a: no special abilities


You were on level 3 of the Dungeon.
You visited 1 branch of the dungeon, and saw 3 of its levels.

You collected 96 gold pieces.

Inventory:

Hand Weapons
 a - a +0 spear
 n - a +2 spear of pain (weapon)
Missiles
 e - 5 boomerangs of dispersal
 m - 12 poisoned darts (quivered)
 q - 6 javelins
Armour
 b - a +0 robe (worn)
Scrolls
 d - a scroll of blinking
 f - a scroll of holy word {unknown}
Potions
 c - 2 potions of lignification
 g - a potion of berserk rage {unknown}
 h - a potion of mutation {unknown}
 i - 2 potions of brilliance {unknown}
 j - a potion of flight {unknown}
 k - a potion of invisibility {unknown}
 l - 4 potions of curing {unknown}
 p - a potion of heal wounds {unknown}


   Skills:
 + Level 4.9 Fighting
 + Level 3.6 Polearms
 - Level 1.0 Throwing
 + Level 3.4 Dodging
 - Level 2.4 Spellcasting
 - Level 2.6 Translocations


You had 3 spell levels left.
You knew the following spells:

 Your Spells              Type           Power      Damage    Failure   Level
a - Blink                 Tloc           N/A        N/A       11%         2
b - Teleport Other        Tloc           9%         N/A       22%         3

Your spell library contained the following spells:

 Spells                   Type           Power      Damage    Failure   Level
 Gell's Gravitas          Tloc           4%         N/A       22%         3
 Lesser Beckoning         Tloc           4%         N/A       22%         3
 Manifold Assault         Tloc           9%         N/A       89%         5


Dungeon Overview and Level Annotations

Branches:
Dungeon (3/15)

Altars:
Trog


Innate Abilities, Weirdness & Mutations

You are too large for most types of armour.
You have tough skin. (AC +1)


Message History

The orc priest is heavily wounded.
The orc priest hits you with a +0 flail.
Something hits you.
You hit the orc priest.
The orc priest is almost dead.
The orc priest hits you with a +0 flail.
You hit the orc priest but do no damage.
The orc priest is almost dead.
The orc priest invokes the aid of Beogh against you.
Beogh smites you!
You hit the orc priest.
You kill the orc priest!
Something hits you but does no damage. The orc hits you with a +0 dagger.
Something hits you. The orc hits you with a +0 dagger.
Things that are here:
a +0 flail; a +0 leather armour; an orc corpse You closely miss the orc.
Something hits you. The orc hits you but does no damage.
You hit the orc but do no damage. Something hits you but does no damage.
The orc hits you but does no damage.
You hit the orc.
The orc is heavily wounded.
Something hits you. The orc hits you with a +0 dagger.
* * * LOW HITPOINT WARNING * * *
You hit the orc.
You kill the orc!
Something hits you but does no damage.
You see here a +0 dagger.
You miss something. Something hits you.
* * * LOW HITPOINT WARNING * * *
You miss something.
You hear some strange, mumbled words.
A puff of flame appears from out of thin air!
The puff of flame hits you!
* * * LOW HITPOINT WARNING * * *
You miss something.
You hear some strange, mumbled words.
A magic dart appears from out of thin air!
The magic dart hits you.
You die...

..................#.#
.........###......#.####
..........####.........#
........#.## #.........#
........#..# #.........#
........##.###.........#
........##†.##.........#
####### ##)##.........#
# #####..#..@......# ###
...........{......# ..#
.........#.)....### ..#
.........#......## ..#
.........#......... ..#
.........#.......... ..#
.................... ..#
..........#......... ..#
...................


There were no monsters in sight!

Vanquished Creatures
  An orc priest (D:3)
  Jessica (D:2)
  An orc wizard (D:2)
  3 adders (D:3)
  A worm (D:2)
  2 dart slugs (D:1)
  5 orcs (D:3)
  6 endoplasms
  4 giant cockroaches
  5 goblins
  7 hobgoblins
  2 jackals (D:1)
  3 quokkas
  6 ball pythons
  7 bats
  A frilled lizard (D:1)
  6 kobolds
  9 rats
70 creatures vanquished.

Notes
Turn   | Place    | Note
-------+----------+-------------------------------------------
     0 | D:1      | Shayle the Ogre Warper began the quest for the Orb.
     0 | D:1      | Reached XP level 1. HP: 22/22 MP: 3/3
   224 | D:1      | Upgraded the game from 0.27-a0-1228-gfd60fd639a to
                  | 0.27-a0-1232-gc6a4cbde82
   239 | D:1      | Reached skill level 3 in Fighting
   280 | D:1      | Reached XP level 2. HP: 31/31 MP: 5/5
   548 | D:1      | Reached XP level 3. HP: 35/37 MP: 6/6
  1021 | D:2      | Learned a level 2 spell: Blink
  1025 | D:2      | Learned a level 3 spell: Teleport Other
  1105 | D:2      | Noticed Jessica
  1112 | D:2      | Killed Jessica
  1113 | D:2      | Reached skill level 4 in Fighting
  1113 | D:2      | Reached XP level 4. HP: 40/48 MP: 7/7
  1883 | D:2      | Found a faded altar of an unknown god.
  1901 | D:2      | Found a bloodstained altar of Trog.
  2373 | D:2      | Reached XP level 5. HP: 25/55 MP: 8/8
  3216 | D:3      | Killed from afar by an orc wizard

Illustrated notes

Levels and vault maps discovered:
D:1:      dpeg_arrival_arbitrary_c, layout_loops_ring, minivault_26
D:2:      layout_basic, basic_altar, chequers_ecumenical_altar_twisty,
          uniq_jessica
D:3:      layout_basic

Skill      XL: |  1  2  3  4 |
---------------+-------------+-----
Fighting       | 3 4 |  4.9
Polearms       | 3 |  3.6
Dodging        | 3 |  3.4
Throwing       | |  1.0
Spellcasting   | |  2.4
Translocations | |  2.6

Action                   |  1- 3 |  4- 6 || total
-------------------------+-------+-------++-------
Melee: Spear             |   115 |   175 ||   290
Throw: Dart              |       |    20 ||    20
  Use: Potion            |       |     1 ||     1
       Scroll            |       |     4 ||     4
 Stab: Sleeping          |       |     1 ||     1
Armor: Robe              |    28 |    36 ||    64
       Skin              |       |    27 ||    27
Dodge: Dodged            |    61 |    70 ||   131

Table legend: (Time is in decaauts)
 A = Elapsed time spent in this place.
 B = Non-inter-level travel time spent in this place.
 C = Inter-level travel time spent in this place.
 D = Time resting spent in this place.
 E = Time spent auto-exploring this place.
 F = Levels seen in this place.
 G = Mean time per level.
                   A        B        C        D        E       F      G
               +--------+--------+--------+--------+--------+-----+--------+
         Total |   3202 |   3084 |    118 |    307 |   2046 |   3 | 1067.3 |
       Dungeon |   3202 |   3084 |    118 |    307 |   2046 |   3 | 1067.3 |
               +--------+--------+--------+--------+--------+-----+--------+

Top non-repeatable levels by time:
     D:2: 1365 daAuts
     D:1: 982 daAuts
     D:3: 854 daAuts
